 Dungeon Crawl Stone Soup version 0.31-a0-702-gf82c85558f (webtiles) character file.

Game seed: 13443949141750716507

1532 qw the Skirmisher (level 8, 0/51 HPs)
             Began as a Gargoyle Hunter on Sept 8, 2023.
             Was an Initiate of Okawaru.
             Slain by Menkaure (6 damage)
             ... on level 5 of the Dungeon.
             The game lasted 00:01:36 (3481 turns).

qw the Skirmisher (Gargoyle Hunter)                 Turns: 3481, Time: 00:01:37

Health: 0/51       AC: 12    Str: 15    XL:     8   Next: 85%
Magic:  8/8        EV: 12    Int: 10    God:    Okawaru [......]
Gold:   238        SH:  0    Dex: 21    Spells: 7/7 levels left

rFire   . . .        Y - +2 shortbow
rCold   . . .        (shield currently unavailable)
rNeg    + . .        d - +0 ring mail
rPois   inf          (no helmet)
rElec   +            g - +0 cloak
rCorr   .            (no gloves)
SInv    .            (no boots)
Will    .....        (no amulet)
Stlth   +            e - +6 ring of dexterity
HPRegen 0.28/turn    (no ring)
MPRegen 0.11/turn

%: no passive effects
@: no status effects
A: sickness immunity, AC +5, negative energy resistance 1, electricity
resistance, torment resistance 1, petrification resistance
a: Renounce Religion


You were on level 5 of the Dungeon.
You worshipped Okawaru.
Okawaru was noncommittal.
You visited 2 branches of the dungeon, and saw 6 of its levels.

You collected 238 gold pieces.


Innate Abilities, Weirdness & Mutations

You are immune to sickness and miasma.
Your stone body is resilient. (AC +5)
You are immune to poison.
You resist negative energy. (rN+)
You are resistant to electric shocks. (rElec)
You are resistant to unholy torment.
You are immune to petrification.


   Skills:
 - Level 6.0 Fighting
 - Level 9.1 Ranged Weapons
 - Level 3.9 Armour
 + Level 2.8 Dodging
 - Level 1.1 Stealth


You had 7 spell levels left.
You didn't know any spells.
Your spell library was empty.

Inventory:

Hand Weapons
 Y - a +2 shortbow (weapon)
Armour
 d - a +0 ring mail (worn)
 g - a +0 cloak (worn)
Jewellery
 e - a +6 ring of dexterity (left hand)
Wands
 c - a wand of digging (5)
Scrolls
 a - 2 scrolls of identify
Potions
 b - a potion of curing
 f - a potion of resistance
 h - a potion of brilliance {unknown}
 i - a potion of cancellation
 j - a potion of haste
 k - a potion of enlightenment

Dungeon Overview and Level Annotations

Branches:
Dungeon (5/15)             Temple (1/1) D:5

Altars:
Ashenzari
Dithmenos
Elyvilon
Hepliaklqana
Nemelex Xobeh
Okawaru
Qazlal
Ru
Sif Muna
Trog
Wu Jian
Xom

Shops:
D:1 :   D:3 (

Annotations:
D:5 Menkaure


Message History

You kill the adder!
Okawaru accepts your kill. Menkaure barely misses you.
You shoot an arrow.
The arrow hits Menkaure but does no damage.
Menkaure is moderately damaged.
Menkaure rustles a few words.
Menkaure hits you! Menkaure closely misses you.
You shoot an arrow.
The arrow hits Menkaure but does no damage.
Menkaure is moderately damaged.
Menkaure barely misses you.
You shoot an arrow. The arrow hits the dart slug.
The dart slug is almost dead.
Menkaure hits you! The dart slug launches a dart at you.
The slug dart misses you.
You shoot an arrow. The arrow hits the dart slug.
You kill the dart slug!
Okawaru accepts your kill. Menkaure barely misses you.
You shoot an arrow. The arrow barely misses Menkaure.
Menkaure hits you!
You shoot an arrow. The arrow hits Menkaure.
Menkaure is heavily damaged.
Menkaure barely misses you.
Menkaure gestures at you while chanting.
Pain shoots through your body!
You shoot an arrow. The arrow hits Menkaure.
Menkaure is severely damaged.
Menkaure hits you!
You shoot an arrow. The arrow hits Menkaure.
Menkaure is almost destroyed.
Menkaure hits you.
You shoot an arrow. The arrow hits Menkaure.
Menkaure is almost destroyed.
Menkaure closely misses you.
You shoot an arrow. The arrow barely misses Menkaure.
Menkaure hits you.
You die...

###
#......####.....###..
#####....##.###.#
#<.#.##.# .#
#..#.##.# # #.......#
+..#.##.#
#....##.###.##
#............#
#.......@###..#
#.#.#..%M........
#.#.#.#..###...## #
........ .. #.#.##..
..... .... #### #..#
....


You could see Menkaure (fast).

Vanquished Creatures
  A troll (D:5)
  Grinder (D:4)
  Sigmund (D:3)
  A black bear (D:3)
  An ogre (D:4)
  A phantom (D:5)
  2 scorpions (D:5)
  A howler monkey (D:4)
  2 jellies (D:5)
  2 hounds
  2 orc priests (D:5)
  Terence (D:3)
  2 sleepcaps (D:5)
  Natasha (twice) (D:2)
  An iguana (D:4)
  4 gnolls (D:4)
  8 adders
  2 dart slugs (D:5)
  8 orcs
  3 ball pythons
  9 endoplasms
  2 giant cockroaches
  9 goblins
  13 hobgoblins
  5 jackals
  8 kobolds
  6 quokkas
  10 bats
  3 frilled lizards (D:1)
  5 rats
116 creatures vanquished.

Notes
Turn   | Place    | Note
-------+----------+-------------------------------------------
     0 | D:1      | qw the Gargoyle Hunter began the quest for the Orb.
     0 | D:1      | Reached XP level 1. HP: 12/12 MP: 1/1
     0 | D:1      | 0 ||| qw: Version: 0.3-a-76-g4403597
     0 | D:1      | 0 ||| qw: Game counter: 1182
     0 | D:1      | 0 ||| qw: Melee chars always use a shield: true
     0 | D:1      | 0 ||| qw: God list: Okawaru
     0 | D:1      | 0 ||| qw: Allow faded altars: false
     0 | D:1      | 0 ||| qw: Do Orc after clearing Dungeon:15 true
     0 | D:1      | 0 ||| qw: Do second Lair branch before Depths: true
     0 | D:1      | 0 ||| qw: Lair rune preference: random
     0 | D:1      | 0 ||| qw: Goals: Normal
     0 | D:1      | 0 ||| PLANNING D:1-11
    63 | D:1      | Reached XP level 2. HP: 17/17 MP: 2/2
   393 | D:1      | Reached XP level 3. HP: 21/21 MP: 3/3
   437 | D:1      | Found Iriagent's Book Shop.
   444 | D:1      | Reached skill level 5 in Ranged Weapons
   650 | D:1      | 650 ||| UPGRADING to +0 cloak.
   655 | D:1      | 655 ||| DROPPING +6 ring of intelligence.
   656 | D:1      | 656 ||| UPGRADING to +6 ring of dexterity.
   657 | D:1      | 657 ||| READING 2 scrolls labelled QARRAQ NYUPSIUS.
   658 | D:1      | 658 ||| READING 2 scrolls labelled ESSANA CUEZISCH.
   659 | D:1      | 659 ||| READING scroll of enchant weapon.
   659 | D:1      | 659 ||| ENCHANTING +1 shortbow.
   660 | D:1      | 660 ||| DRINKING 2 viscous silvery potions.
   661 | D:1      | 661 ||| DROPPING scroll of butterflies.
   662 | D:1      | 662 ||| DROPPING potion of degeneration.
   757 | D:2      | Reached skill level 3 in Fighting
   815 | D:2      | Reached XP level 4. HP: 28/28 MP: 4/4
   922 | D:2      | Noticed Natasha
   924 | D:2      | Killed Natasha
   925 | D:2      | Reached XP level 5. HP: 32/32 MP: 5/5
  1057 | D:2      | Noticed Natasha
  1063 | D:2      | Killed Natasha
  1064 | D:2      | Reached skill level 6 in Ranged Weapons
  1092 | D:2      | 1092 ||| READING scroll labelled KIXKANA ZIENA.
  1093 | D:2      | 1093 ||| READING scroll labelled NOBIOL VOCS.
  1149 | D:3      | Noticed Terence
  1159 | D:3      | HP: 7/32 [Terence/+0 flail (8)]
  1161 | D:3      | Killed Terence
  1369 | D:3      | Noticed Sigmund
  1385 | D:3      | HP: 5/32 [something/magic dart (7)]
  1387 | D:3      | Killed Sigmund
  1388 | D:3      | Reached skill level 3 in Armour
  1388 | D:3      | Reached XP level 6. HP: 5/37 MP: 6/6
  1469 | D:3      | 1469 ||| FLEEEEING.
  1520 | D:3      | Noticed a black bear
  1528 | D:3      | Killed a black bear
  1579 | D:3      | Reached XP level 7. HP: 43/43 MP: 7/7
  1780 | D:3      | Found Zeib's Weapon Shop.
  1788 | D:3      | 1788 ||| SHOPLISTING +2 sling "Huveykh" {drain, rF+ rCorr
                  | Str+2} (511 gold, have 165).
  1788 | D:3      | 1788 ||| SHOPLISTING +9 arbalest of the Vine {freeze,
                  | Int+3} (929 gold, have 165).
  1916 | D:3      | Found a hazy altar of Hepliaklqana.
  2043 | D:3      | 2043 ||| UPGRADING to +0 ring mail.
  2053 | D:3      | 2053 ||| DROPPING +0 leather armour.
  2054 | D:3      | 2054 ||| READING scroll labelled SIXOBATSILL.
  2055 | D:3      | 2055 ||| READING scroll labelled RUGGAD VYXU.
  2059 | D:3      | 2059 ||| READING scroll labelled LYDWOA VUUSYME.
  2060 | D:3      | 2060 ||| DRINKING 2 metallic coppery potions.
  2061 | D:3      | 2061 ||| READING 2 scrolls of identify.
  2061 | D:3      | 2061 ||| IDENTIFYING red potion
  2207 | D:4      | HP: 9/43 [hobgoblin (4)]
  2220 | D:4      | 2220 ||| FLEEEEING.
  2577 | D:4      | Noticed Grinder
  2593 | D:4      | Killed Grinder
  2594 | D:4      | Reached skill level 7 in Ranged Weapons
  2744 | D:4      | Reached skill level 8 in Ranged Weapons
  2832 | D:4      | Reached XP level 8. HP: 48/48 MP: 8/8
  2990 | D:4      | 2990 ||| READING scroll labelled VIWKEA YPSUENK.
  2991 | D:4      | 2991 ||| DRINKING 2 fizzy silvery potions.
  2992 | D:4      | 2992 ||| READING 4 scrolls of identify.
  2992 | D:4      | 2992 ||| IDENTIFYING sedimented golden potion
  2993 | D:4      | 2993 ||| READING 3 scrolls of identify.
  2993 | D:4      | 2993 ||| IDENTIFYING brown potion
  3034 | D:5      | Entered Level 5 of the Dungeon
  3041 | D:5      | 3041 ||| STAIRDANCE
  3154 | D:5      | Noticed a troll
  3159 | D:5      | Killed a troll
  3160 | D:5      | Reached skill level 9 in Ranged Weapons
  3235 | D:5      | Reached skill level 6 in Fighting
  3408 | D:5      | Found a staircase to the Ecumenical Temple.
  3409 | D:5      | 3409 ||| PLANNING TEMPLE
  3420 | Temple   | Entered the Ecumenical Temple
  3421 | Temple   | 3421 ||| PLANNING OKAWARU WORSHIP
  3429 | Temple   | Became a worshipper of Warmaster Okawaru
  3430 | Temple   | 3430 ||| PLANNING D:1-11
  3466 | D:5      | Noticed Menkaure
  3478 | D:5      | HP: 8/51 [Menkaure (7)]
  3481 | D:5      | Slain by Menkaure

Levels and vault maps discovered:
D:1:      dpeg_arrival_central, layout_basic, serial_shops,
          nicolae_shop_window_shopping
D:2:      layout_rooms, uniq_natasha
D:3:      layout_basic, mainiacjoe_overflow_catwalk, serial_shops, shop,
          uniq_terence, uniq_sigmund
D:4:      layout_basic, uniq_grinder
D:5:      minmay_chambers_of_fours, layout_basic,
          minmay_temple_entry_proselytizer, uniq_menkaure
Temple:   hellmonk_temple_of_storms

Skill      XL: |  1  2  3  4  5  6  7  8 |
---------------+-------------------------+-----
Ranged Weapons | 5 6 8 9 |  9.1
Fighting       | 3 4 6 |  6.0
Dodging        | 2 |  2.8
Armour         | 3 |  3.9
Stealth        | |  1.1

Action                     |  1- 3 |  4- 6 |  7- 9 || total
---------------------------+-------+-------+-------++-------
   Fire: Shortbow          |    92 |    68 |   210 ||   370
    Use: Scroll            |     3 |     2 |     7 ||    12
         Potion            |     1 |       |     2 ||     3
 Armour: Leather armour    |    14 |    25 |     1 ||    40
         Ring mail         |       |       |    58 ||    58
  Dodge: Dodged            |    15 |    13 |    48 ||    76

Table legend:
 A = Non-vault XP
 B = Vault XP
 C = Vault XP percentage of total XP
 D = Non-vault monster count
 E = Vault monster count
 F = Vault count percentage of total count
                 A         B        C        D         E       F
            +---------+---------+-------+---------+---------+-------
      Total |    1568 |     621 |  28.4 |     111 |       5 |   4.3
            +---------+---------+-------+---------+---------+-------
        D:1 |      43 |       0 |   0.0 |      26 |       0 |   0.0
        D:2 |     124 |      35 |  22.0 |      27 |       1 |   3.6
        D:3 |     203 |     275 |  57.5 |      18 |       2 |  10.0
        D:4 |     307 |     267 |  46.5 |      22 |       1 |   4.3
        D:5 |     891 |      44 |   4.7 |      18 |       1 |   5.3
            +---------+---------+-------+---------+---------+-------
